 Dungeon Crawl Stone Soup version 0.28-a0-691-gad6df49e81 (webtiles) character file.

Game seed: 10507090362619668852

3441 marklar909 the Cutter (level 9, -1/69 HPs)
             Began as a Palentonga Enchanter on Oct 23, 2021.
             Was a Follower of Dithmenos.
             Slain by a two-headed ogre (3 damage)
             ... on level 11 of the Dungeon.
             The game lasted 00:24:52 (10992 turns).

marklar909 the Cutter (Palentonga Enchanter)       Turns: 10992, Time: 00:24:53

Health: -1/69      AC: 17    Str: 12    XL:     9   Next: 77%
Magic:  3/17       EV: 11    Int: 16    God:    Dithmenos [*.....]
Gold:   425        SH:  0    Dex: 13    Spells: 8/19 levels left

rFire   + . .      SeeInvis +   l - +3 rapier (elec)
rCold   . . .      Faith    .   (no shield)
rNeg    . . .      Spirit   .   i - +2 robe {rF+}
rPois   +          Reflect  .   f - +1 helmet
rElec   .          Harm     .   n - +0 cloak
rCorr   .          Rampage  .   a - +0 pair of gloves
Will    .....                   (no barding)
Stlth   +++.......              (no amulet)
HPRegen 0.21/turn               k - ring of poison resistance
MPRegen 0.15/turn               (no ring)

@: very slightly contaminated, wreathed by umbra, curled up
A: large, rugged brown scales 3, see invisible, deformed body, roll 1, armoured
tail, reflexive curl
a: Rolling Charge, Renounce Religion


You were on level 11 of the Dungeon.
You worshipped Dithmenos.
Dithmenos was aware of your devotion.
You visited 2 branches of the dungeon, and saw 11 of its levels.
You also visited: Ossuary.

You collected 425 gold pieces.

Inventory:

Hand Weapons
 l - a +3 rapier of electrocution (weapon)
 r - a +0 fustibalus
Missiles
 o - a throwing net
Armour
 a - a +0 pair of gloves (worn)
 c - the +1 ring mail of Daisies {rC+ rCorr}
   (You found it on level 7 of the Dungeon)

   rC:        It protects you from cold.
   rCorr:     It protects you from acid and corrosion.
 f - a +1 helmet (worn)
 i - a +2 robe of fire resistance (worn)
 n - a +0 cloak (worn)
Jewellery
 k - a ring of poison resistance (left hand)
Wands
 e - a wand of polymorph (12)
Scrolls
 g - 2 scrolls of teleportation
Potions
 b - a potion of magic
 d - a potion of lignification
 h - a potion of flight
 j - 3 potions of curing
 m - a potion of brilliance
 p - a potion of heal wounds
 q - 2 potions of haste
 s - a potion of ambrosia {unknown}
 t - 2 potions of cancellation


   Skills:
 * Level 3.9 Fighting
 + Level 6.5 Short Blades
 * Level 4.2 Dodging
 + Level 5.0 Stealth
 + Level 5.5 Spellcasting
 + Level 0.2 Conjurations
 + Level 6.1 Hexes
 + Level 2.5 Ice Magic


You had 8 spell levels left.
You knew the following spells:

 Your Spells              Type           Power      Damage    Failure   Level
a - Ensorcelled Hibernat  Hex/Ice        36%        N/A       3%          2
b - Confusing Touch       Hex            24%        N/A       3%          3
c - Tukima's Dance        Hex            24%        N/A       3%          3
d - Dazzling Flash        Conj/Hex       28%        N/A       12%         3

Your spell library contained the following spells:

 Spells                   Type           Power      Damage    Failure   Level
 Slow                     Hex            24%        N/A       1%          2
 Pain                     Necr           16%        1d4       14%         1
 Ozocubu's Armour         Ice            12%        N/A       16%         3
 Yara's Violent Unravell  Hex/Tmut       7%         3d5       75%         5
 Agony                    Necr           4%         N/A       99%         5
 Excruciating Wounds      Necr           2%         N/A       99%         5
 Ozocubu's Refrigeration  Ice            6%         4d6       100%        7


Dungeon Overview and Level Annotations

Branches:
Dungeon (12/15)            Temple (1/1) D:5             Orc (0/2) D:12
Ossuary (visited)
   Lair: D:8-11

Altars:
Ashenzari
Cheibriados
Dithmenos
Elyvilon
Fedhas
Gozag
Hepliaklqana
Kikubaaqudgha
Makhleb
Nemelex Xobeh
Okawaru
Qazlal
Ru
Sif Muna
Trog
Uskayaw
Vehumet
Xom
Yredelemnul
Zin
The Shining One

Shops:
D:3 [

Annotations:
D:12 Fannar


Innate Abilities, Weirdness & Mutations

You are completely covered in rugged brown scales. (AC +3, +7% HP)
You have supernaturally acute eyesight. (SInv)
Armour fits poorly on your strangely shaped body.
You can roll at nearby foes to attack.
You have a long armoured tail.
You curl defensively after being hit.


Message History

The two-headed ogre hits you with a +0 giant club!!
* * * LOW HITPOINT WARNING * * *
The two-headed ogre hits you with a +0 giant club.
* * * LOW HITPOINT WARNING * * *
Okay, then.
Casting: Dazzling Flash (dangerous; 12% risk of failure)
Confirm with . or Enter, or press ? or * to list all spells.
You miscast Confusing Touch.
You are very lightly contaminated with residual magic.
Nothing appears to happen.
The two-headed ogre hits you with a +0 giant club.
* * * LOW HITPOINT WARNING * * *
The two-headed ogre hits you but does no damage.
Casting: Confusing Touch (dangerous; 3% risk of failure)
Confirm with . or Enter, or press ? or * to list all spells.
You don't have enough magic to cast this spell.
Unknown command.
Casting: Confusing Touch (dangerous; 3% risk of failure)
Confirm with . or Enter, or press ? or * to list all spells.
Aiming: Ensorcelled Hibernation (safe; 3% risk of failure)
Press: ? - help, Shift-Dir - straight line, f - you
Okay, then.
Okay, then.
You feel much better.
The two-headed ogre hits you but does no damage.
The two-headed ogre hits you with a +0 giant club!!
* * * LOW HITPOINT WARNING * * *
You feel much better.
You puncture the two-headed ogre!
Lightning courses through the two-headed ogre!!
The two-headed ogre is almost dead.
The two-headed ogre hits you with a +0 giant club.
The two-headed ogre hits you with a +0 giant club!
* * * LOW HITPOINT WARNING * * *
You hit the two-headed ogre.
The two-headed ogre is almost dead.
The two-headed ogre hits you with a +0 giant club!
* * * LOW HITPOINT WARNING * * *
The two-headed ogre hits you with a +0 giant club.
You die...

#...#
#.######..<#
...........#
...........#
...........#
...........#
(..........####
..h........O..#
............@.#
###############


You could see a two-headed ogre.

Vanquished Creatures
  3 yaks (D:6)
  A wraith (D:12)
  Edmund (D:4)
  Menkaure (D:4)
  A warg (D:12)
  A water moccasin (D:5)
  Duvessa (D:4)
  2 black bears (D:6)
  4 necrophages
  An ogre (D:4)
  A centaur (D:12)
  7 elf zombies (Ossuary)
  A bullfrog (D:7)
  Dowan (D:4)
  A gnoll sergeant (D:6)
  A water moccasin skeleton (D:7)
  2 centaur zombies (Ossuary)
  5 hounds
  A centaur skeleton (D:3)
  3 human zombies (Ossuary)
  An orc priest (D:6)
  Crazy Yiuf (D:3)
  A bullfrog skeleton (D:4)
  2 jellies
  2 iguanas
  6 orc wizards
  A killer bee zombie (D:5)
  3 mummies (Ossuary)
  7 gnolls
  A howler monkey zombie (D:5)
  4 adders
  A white imp (D:5)
  An ufetubus (D:4)
  21 orcs
  8 ball pythons
  6 bats
  7 endoplasms
  2 giant cockroaches
  5 goblins
  5 hobgoblins
  7 kobolds
  A quokka (D:2)
  7 frilled lizards
  9 rats
148 creatures vanquished.

Vanquished Creatures (others)
  A dancing weapon (D:6)
1 creature vanquished.

Grand Total: 149 creatures vanquished

Notes
Turn   | Place    | Note
-------+----------+-------------------------------------------
     0 | D:1      | marklar909 the Palentonga Enchanter began the quest for the
                  | Orb.
     0 | D:1      | Reached XP level 1. HP: 13/13 MP: 3/3
   645 | D:1      | Reached XP level 2. HP: 13/20 MP: 5/5
  1312 | D:1      | Learned a level 2 spell: Ensorcelled Hibernation
  1881 | D:2      | Reached XP level 3. HP: 14/25 MP: 1/6
  2402 | D:2      | Learned a level 3 spell: Confusing Touch
  2597 | D:2      | Found a faded altar of an unknown god.
  3221 | D:3      | Found Yrhere's Antique Armour Shop.
  3544 | D:3      | Reached XP level 4. HP: 32/32 MP: 7/7
  3909 | D:3      | Found a runed translucent door.
  3910 | D:3      | Noticed Crazy Yiuf
  4080 | D:3      | Killed Crazy Yiuf
  4298 | D:4      | Noticed an ice beast
  5099 | D:4      | Reached XP level 5. HP: 31/38 MP: 8/8
  5208 | D:4      | Noticed a necrophage
  5224 | D:4      | Killed a necrophage
  5228 | D:4      | Reached XP level 6. HP: 26/44 MP: 6/10
  5536 | D:4      | Noticed Menkaure
  5563 | D:4      | Killed Menkaure
  5564 | D:4      | Reached skill level 1 in Fighting
  5870 | D:4      | Gained mutation: You curl defensively after being hit.
                  | [Palentonga growth]
  5870 | D:4      | Reached XP level 7. HP: 42/51 MP: 2/12
  5982 | D:4      | Noticed Duvessa
  5985 | D:4      | Noticed Dowan
  6137 | D:4      | Killed Duvessa
  6138 | D:4      | Reached skill level 1 in Ice Magic
  6470 | D:4      | Killed Dowan
  6933 | D:4      | Noticed Edmund
  6951 | D:4      | Killed Edmund
  7392 | D:4      | Learned a level 3 spell: Tukima's Dance
  7396 | D:4      | Learned a level 3 spell: Dazzling Flash
  7418 | D:5      | Entered Level 5 of the Dungeon
  7451 | D:5      | You fall into a shaft and drop 1 floor!
  7496 | D:6      | Reached XP level 8. HP: 48/59 MP: 4/13
  7842 | D:6      | Reached skill level 5 in Hexes
  7847 | D:6      | Reached skill level 5 in Short Blades
  8664 | D:5      | Found a staircase to the Ecumenical Temple.
  8751 | Temple   | Entered the Ecumenical Temple
  8939 | Temple   | Became a worshipper of Dithmenos the Shadowed
  9025 | D:6      | Reached XP level 9. HP: 55/66 MP: 11/16
  9115 | D:6      | Found a glowing silver altar of Zin.
  9592 | D:7      | Found a sand-covered staircase.
  9596 | D:7      | Reached skill level 5 in Spellcasting
  9601 | Ossuary  | Entered an ossuary
 10293 | D:7      | Reached * piety under Dithmenos
 10294 | D:7      | Identified the +1 ring mail of Daisies {rC+ rCorr}
 10305 | D:7      | Reached skill level 5 in Stealth
 10446 | D:7      | You fall into a shaft and drop 2 floors!
 10521 | D:9      | You fall into a shaft and drop 3 floors!
 10521 | D:12     | Found a staircase to the Orcish Mines.
 10627 | D:12     | Noticed Fannar
 10840 | D:12     | Noticed an eight-headed hydra
 10866 | D:12     | Noticed a deep elf pyromancer
 10951 | D:11     | Noticed a two-headed ogre
 10992 | D:11     | HP: 2/69 [two-headed ogre (14)]
 10992 | D:11     | Slain by a two-headed ogre

Illustrated notes

Levels and vault maps discovered:
D:1:      ncdulo_lavacross, layout_basic, minmay_tromino_v4_c
D:2:      layout_rooms, shapermc_ecumenical_altar_notcrosses, serial_aquarium,
          aquarium_bridge_square [aquarium_subvault_wall,
          aquarium_subvault_bridge, aquarium_subvault_wall,
          aquarium_subvault_wall], aquarium_window_fake, aquarium_window_corner,
          aquarium_window_fake, aquarium_view_2e, aquarium_view_2d,
          aquarium_pool_corner, wander_ebering_terrifying_dragon_lair
D:3:      layout_loops_ring, serial_shops, shop_statue, uniq_crazy_yiuf_cottage
D:4:      layout_cave_pods, ebering_ghost_disaster_area, uniq_edmund,
          uniq_duvessa, uniq_menkaure
D:5:      layout_rooms, minmay_temple_entry_poolview
D:6:      layout_rooms, zin_academy
D:7:      wander_river, layout_cave_pools,
          nicolae_ossuary_entry_false_entrances, grunt_decor_fettered
D:9:      layout_gridville, mainiacjoe_overflow_alcove_2, serial_shops,
          nicolae_take_the_stairs, minmay_the_grid_2x2
          [minmay_the_grid_minigrid_small_alt, minmay_the_grid_square_x,
          minmay_the_grid_odd_star,
          minmay_the_grid_prize_four_corners_diamond_a]
D:11:     dragon1_lemuel, layout_irregular_city, dpeg_oklobed_lair
D:12:     layout_irregular_city, erik_orc_4, uniq_fannar
Temple:   regret_index_temple_chain_breaker

Skill      XL: |  1  2  3  4  5  6  7  8  9 |
---------------+----------------------------+-----
Short Blades   | 2 3 4 5 6 |  6.5
Dodging        | 2 3 4 |  4.2
Stealth        | 3 4 5 |  5.0
Hexes          | 4 5 6 |  6.1
Spellcasting   | 3 4 5 |  5.5
Fighting       | 1 2 3 |  3.9
Ice Magic      | 1 2 |  2.5
Conjurations   | |  0.2

Action                   |  1- 3 |  4- 6 |  7- 9 || total
-------------------------+-------+-------+-------++-------
Melee: Dagger            |   102 |       |       ||   102
       Tailslap          |     7 |    10 |    42 ||    59
       Rapier            |    14 |    88 |   345 ||   447
 Cast: Ensorcelled Hiber |    14 |     8 |    38 ||    60
       Confusing Touch   |       |     9 |    22 ||    31
       Dazzling Flash    |       |       |    11 ||    11
       Tukima's Dance    |       |       |     4 ||     4
 Abil: Rolling Charge    |       |     1 |     2 ||     3
Evoke: Wand              |       |       |     2 ||     2
  Use: Scroll            |     2 |     4 |    15 ||    21
       Potion            |       |       |     5 ||     5
 Stab: Sleeping          |    20 |     3 |    24 ||    47
       Confused          |       |     2 |    15 ||    17
       Invisible         |       |       |     2 ||     2
Armor: Robe              |    48 |    30 |   158 ||   236
Dodge: Dodged            |    55 |    44 |   202 ||   301

Table legend: (Time is in decaauts)
 A = Elapsed time spent in this place.
 B = Non-inter-level travel time spent in this place.
 C = Inter-level travel time spent in this place.
 D = Time resting spent in this place.
 E = Time spent auto-exploring this place.
 F = Levels seen in this place.
 G = Mean time per level.
                   A        B        C        D        E       F      G
               +--------+--------+--------+--------+--------+-----+--------+
         Total |  10971 |  10189 |    782 |   3186 |   5056 |  12 |  914.2 |
       Dungeon |  10391 |   9652 |    739 |   3186 |   4708 |  10 | 1039.1 |
        Temple |    198 |    155 |     43 |      0 |    136 |   1 |  198.0 |
       Ossuary |    381 |    381 |      0 |      0 |    212 |   1 |  381.0 |
               +--------+--------+--------+--------+--------+-----+--------+

Top non-repeatable levels by time:
     D:4: 2001 daAuts
     D:2: 2000 daAuts
     D:3: 1730 daAuts
     D:1: 1678 daAuts
     D:6: 1306 daAuts
     D:5: 831 daAuts
    D:12: 425 daAuts
 Ossuary: 381 daAuts
     D:7: 302 daAuts
  Temple: 198 daAuts
     D:9: 74 daAuts
    D:11: 40 daAuts
